[Event "15th Arad Open 2022"]
[Site "Arad"]
[Date "2022.08.09"]
[Round "2.2"]
[White "Zubac, Marius"]
[Black "Srbis, Jurica"]
[Result "0-1"]
[ECO "E20"]
[WhiteElo "2025"]
[BlackElo "2472"]
[Annotator "ChessBase"]
[PlyCount "118"]
[EventDate "2022.08.08"]
[EventType "swiss"]
[EventCountry "ROU"]
[SourceTitle "playchess.com"]
[Source "ChessBase"]
[SourceQuality "1"]
[TimeControl "5400+30"]

1. d4 Nf6 2. c4 e6 3. Nc3 Bb4 4. f3 O-O 5. e4 d5 6. e5 Nfd7 7. a3 Bxc3+ 8. bxc3 dxc4 9. f4 b5 10. a4 Ba6 11. Qf3 Nb6 12. Ba3 Re8 13. Nh3 Qd5 14. Qh5 Qe4+ 15. Be2 Nxa4 16. Qxf7+ Kxf7 17. Ng5+ Kg8 18. Nxe4 Bb7 19. Bf3 Nc6 20. O-O a5 21. Rfb1 Na7 22. Bc5 Nxc5 23. dxc5 a4 24. Nf6+ gxf6 25. Bxb7 Rab8 26. Bf3 fxe5 27. fxe5 Rbd8 28. Rd1 Rf8 29. Kf2 Rxd1 30. Rxd1 Nc6 31. Rb1 Nxe5 32. Rxb5 Nxf3 33. gxf3 Ra8 34. Rb2 a3 35. Ra2 e5 36. f4 Kf7 37. fxe5 Ke6 38. Ke3 Kxe5 39. Kd2 Kd5 40. Kc1 Kxc5 41. Kb1 Rb8+ 42. Ka1 Rb3 43. Rf2 Rxc3 44. Rf7 Kb4 45. Rxc7 Rc1+ 46. Ka2 Rc2+ 47. Ka1 Rxh2 48. Rb7+ Kc3 49. Ra7 Kb3 50. Rb7+ Kc2 51. Ka2 Kd1+ 52. Kxa3 c3 53. Rd7+ Kc2 54. Rc7 h5 55. Rc5 h4 56. Rc8 Rg2 57. Rc4 h3 58. Rh4 h2 59. Rh3 Kb1 0-1

[Event "15th Arad Open 2022"]
[Site "Arad"]
[Date "2022.08.09"]
[Round "2.3"]
[White "Ramoutar, Alan-Safar"]
[Black "Ambru, Dan-Calin"]
[Result "1-0"]
[ECO "B30"]
[WhiteElo "2453"]
[BlackElo "2001"]
[Annotator "RC"]
[PlyCount "47"]
[EventDate "2022.08.08"]
[EventType "swiss"]
[EventCountry "ROU"]
[SourceTitle "playchess.com"]
[Source "ChessBase"]
[SourceQuality "1"]
[TimeControl "5400+30"]

1. e4 c5 2. Nf3 Nc6 3. Bc4 e6 4. O-O Nf6 5. Re1 d6 6. Bb5 e5 7. c3 Bg4 8. d4 cxd4 9. cxd4 Bxf3 10. Qxf3 a6 11. Bxc6+ bxc6 12. dxe5 dxe5 13. Bg5 Be7 14. Rd1 Qc7 15. Nd2 O-O 16. Nc4 Rfd8 17. Bd2 a5 18. Bc3 Nd7 19. Qf5 g6 20. Bxe5 Qb7 21. Qf3 Qb5 22. Bd6 Bxd6 23. Nxd6 Ne5 24. Qc3 1-0

[Event "15th Arad Open 2022"]
[Site "Arad"]
[Date "2022.08.09"]
[Round "2.4"]
[White "Anghel, Iulian-Mihai"]
[Black "David, Alexandru-Vasile"]
[Result "0-1"]
[ECO "B81"]
[WhiteElo "2015"]
[BlackElo "2433"]
[Annotator "RC"]
[PlyCount "68"]
[EventDate "2022.08.08"]
[EventType "swiss"]
[EventCountry "ROU"]
[SourceTitle "playchess.com"]
[Source "ChessBase"]
[SourceQuality "1"]
[TimeControl "5400+30"]

1. e4 c5 2. Nf3 Nc6 3. d4 cxd4 4. Nxd4 Nf6 5. Nc3 d6 6. h3 e6 7. g4 Be7 8. Bg2 O-O 9. O-O a6 10. Be3 Ne5 11. b3 Qc7 12. Qe1 Nfd7 13. f4 Nc6 14. Nce2 Re8 15. c4 Nxd4 16. Nxd4 e5 17. Nf5 exf4 18. Bxf4 Ne5 19. Rd1 Be6 20. Qg3 b5 21. cxb5 axb5 22. Rd2 b4 23. Rfd1 Rad8 24. Nxe7+ Qxe7 25. Bxe5 dxe5 26. Qxe5 Rxd2 27. Rxd2 h6 28. Qd6 Qg5 29. Kf2 Rc8 30. Bf3 h5 31. Kg3 Kh7 32. h4 Qe3 33. Qd3 Qe1+ 34. Kh3 hxg4+ 0-1

[Event "15th Arad Open 2022"]
[Site "Arad"]
[Date "2022.08.09"]
[Round "2.5"]
[White "Secheres, Adrian-Simion"]
[Black "Chima, Radu-Niculin"]
[Result "1/2-1/2"]
[ECO "E01"]
[WhiteElo "2360"]
[BlackElo "2005"]
[Annotator "RC"]
[PlyCount "82"]
[EventDate "2022.08.08"]
[EventType "swiss"]
[EventCountry "ROU"]
[SourceTitle "playchess.com"]
[Source "ChessBase"]
[SourceQuality "1"]
[TimeControl "5400+30"]

1. d4 e6 2. c4 d5 3. Nc3 Nf6 4. Nf3 c6 5. g3 Nbd7 6. Bg2 Bb4 7. O-O O-O 8. Qd3 b6 9. a3 Bxc3 10. Qxc3 Ne4 11. Qc2 Ba6 12. b3 f5 13. a4 Re8 14. Ba3 Rc8 15. Rfd1 Bb7 16. Rac1 c5 17. dxc5 Ndxc5 18. Ne5 Qc7 19. Bb2 a5 20. Bd4 Red8 21. Qb2 Qe7 22. Qa3 Qe8 23. cxd5 Bxd5 24. f3 Nf6 25. Bxc5 Rxc5 26. Rxc5 bxc5 27. Rc1 Rb8 28. Qxc5 Bxb3 29. Nc6 Ra8 30. f4 Bd5 31. Bxd5 exd5 32. Ne7+ Kh8 33. Nxf5 Qxe2 34. Qc7 Qg4 35. Nd6 h6 36. Nf7+ Kg8 37. Ne5 Qe2 38. Qf7+ Kh8 39. Qc7 Qe3+ 40. Kg2 Qe2+ 41. Kg1 Qe3+ 1/2-1/2

[Event "15th Arad Open 2022"]
[Site "Arad"]
[Date "2022.08.09"]
[Round "2.6"]
[White "Ungureanu, Sandu"]
[Black "Stanciu, Alexandru-Ovidiu"]
[Result "0-1"]
[ECO "A37"]
[WhiteElo "2011"]
[BlackElo "2326"]
[Annotator "RC"]
[PlyCount "92"]
[EventDate "2022.08.08"]
[EventType "swiss"]
[EventCountry "ROU"]
[SourceTitle "playchess.com"]
[Source "ChessBase"]
[SourceQuality "1"]
[TimeControl "5400+30"]

1. g3 c5 2. Bg2 Nc6 3. c4 g6 4. Nf3 Bg7 5. O-O d6 6. Nc3 e5 7. e4 Nge7 8. d3 O-O 9. Nd5 h6 10. Ne1 f5 11. f4 exf4 12. gxf4 Nd4 13. Nc2 Nxd5 14. exd5 Re8 15. Nxd4 Bxd4+ 16. Kh1 Bd7 17. Qc2 b5 18. Bd2 Qf6 19. cxb5 Bxb5 20. Rae1 Bd7 21. Bc3 Rab8 22. Qd2 Rb7 23. Rxe8+ Bxe8 24. Re1 Bf7 25. h3 Kg7 26. Re2 Kh7 27. Qe1 Kg8 28. Qd2 Kf8 29. Qc2 Bxc3 30. Qxc3 Qxc3 31. bxc3 Rb1+ 32. Kh2 a5 33. d4 c4 34. Kg3 a4 35. Kf2 a3 36. Ke3 Rc1 37. Kd2 Ra1 38. Ke3 Ke7 39. h4 Kf6 40. Rf2 Rb1 41. Rd2 Rc1 42. Bf3 Rxc3+ 43. Kf2 g5 44. fxg5+ hxg5 45. hxg5+ Kxg5 46. Bd1 Bxd5 0-1

[Event "15th Arad Open 2022"]
[Site "Arad"]
[Date "2022.08.09"]
[Round "2.7"]
[White "Capragiu, Matei-Stefan"]
[Black "Ionescu, Mihai"]
[Result "1/2-1/2"]
[ECO "E24"]
[WhiteElo "1925"]
[BlackElo "2250"]
[Annotator "RC"]
[PlyCount "70"]
[EventDate "2022.08.08"]
[EventType "swiss"]
[EventCountry "ROU"]
[SourceTitle "playchess.com"]
[Source "ChessBase"]
[SourceQuality "1"]
[TimeControl "5400+30"]

1. d4 Nf6 2. c4 e6 3. Nc3 Bb4 4. a3 Bxc3+ 5. bxc3 Nc6 6. Bg5 b6 7. Nf3 Ba6 8. e4 h6 9. Bh4 g5 10. Nxg5 hxg5 11. Bxg5 Rg8 12. h4 Rxg5 13. hxg5 Ng8 14. Qg4 Qe7 15. Rh7 O-O-O 16. e5 Rf8 17. g6 Nd8 18. Be2 d5 19. cxd5 Bxe2 20. Kxe2 Qd7 21. a4 Qxd5 22. gxf7 Qc4+ 23. Kd2 Ne7 24. Qe2 Qb3 25. Qb5 Qd5 26. Qe8 Ng6 27. Rg7 Qxg2 28. Rxg6 Qxf2+ 29. Kc1 Rxf7 30. Rf6 Qg1+ 31. Kb2 Qg2+ 32. Kb3 Rd7 33. Raf1 c5 34. Rf7 Rxf7 35. Rxf7 Qd5+ 1/2-1/2

[Event "15th Arad Open 2022"]
[Site "Arad"]
[Date "2022.08.09"]
[Round "2.8"]
[White "Magold, Filip"]
[Black "Samu, Sorin-Mihai"]
[Result "1-0"]
[ECO "B45"]
[WhiteElo "2247"]
[BlackElo "1952"]
[Annotator "RC"]
[PlyCount "123"]
[EventDate "2022.08.08"]
[EventType "swiss"]
[EventCountry "ROU"]
[SourceTitle "playchess.com"]
[Source "ChessBase"]
[SourceQuality "1"]
[TimeControl "5400+30"]

1. e4 c5 2. Nf3 Nc6 3. d4 cxd4 4. Nxd4 Nf6 5. Nc3 e6 6. Nxc6 bxc6 7. e5 Nd5 8. Ne4 f5 9. exf6 Nxf6 10. Nd6+ Bxd6 11. Qxd6 Qb6 12. Bd3 c5 13. Bf4 Bb7 14. O-O Qxd6 15. Bxd6 Rc8 16. Rad1 c4 17. Be2 Bd5 18. Rd4 Rc6 19. Ba3 c3 20. b3 Rc7 21. Ra4 Kf7 22. Bd6 Rb7 23. Be5 Bc6 24. Ra5 Nd5 25. Bh5+ Ke7 26. Re1 Rf8 27. Bf3 Nb4 28. a3 Nxc2 29. Rc1 Rxb3 30. Bxc6 dxc6 31. Rxa7+ Ke8 32. g4 Nxa3 33. Bd6 Rf3 34. Rxa3 Rxa3 35. Bxa3 Kd7 36. Bb4 Rf4 37. Bxc3 Rxg4+ 38. Kf1 c5 39. Rd1+ Ke7 40. Be5 Rg5 41. Bd6+ Kf6 42. Rc1 Rd5 43. Bxc5 g5 44. Be3 h6 45. Rc7 h5 46. Kg2 Kg6 47. Kg3 Rf5 48. Rc8 Kg7 49. Re8 Kf7 50. Rh8 Kg6 51. h4 g4 52. Rh6+ Kf7 53. Bg5 Rf3+ 54. Kg2 Rh3 55. Rxh5 e5 56. Rh7+ Kg6 57. Rh6+ Kf5 58. Be3 Ke4 59. h5 Kf5 60. Rh8 e4 61. h6 Rf3 62. Rg8 1-0

[Event "15th Arad Open 2022"]
[Site "Arad"]
[Date "2022.08.09"]
[Round "2.9"]
[White "Padurean, Daniel-Cristian"]
[Black "Ciocani, Iosif"]
[Result "0-1"]
[ECO "B22"]
[WhiteElo "2126"]
[BlackElo "2012"]
[Annotator "RC"]
[PlyCount "58"]
[EventDate "2022.08.08"]
[EventType "swiss"]
[EventCountry "ROU"]
[SourceTitle "playchess.com"]
[Source "ChessBase"]
[SourceQuality "1"]
[TimeControl "5400+30"]

1. e4 c5 2. c3 Nf6 3. e5 Nd5 4. d4 cxd4 5. Nf3 d6 6. cxd4 Nc6 7. Bc4 dxe5 8. dxe5 Be6 9. O-O g6 10. Qb3 Qd7 11. Rd1 Na5 12. Bxd5 Nxb3 13. Bxb3 Qc6 14. Nc3 Bxb3 15. axb3 Bg7 16. Nd4 Qc8 17. Nd5 Qc5 18. Nf3 Rd8 19. Be3 Qc6 20. Nb4 Rxd1+ 21. Rxd1 Qe6 22. Nd5 O-O 23. Ng5 Qxe5 24. f4 Qd6 25. Ne4 Qa6 26. Nxe7+ Kh8 27. Bc5 Qe2 28. Nf2 Re8 29. Rc1 Rxe7 0-1

[Event "15th Arad Open 2022"]
[Site "Arad"]
[Date "2022.08.09"]
[Round "2.10"]
[White "Donici-Maier, David"]
[Black "Kazarian, Anna-Maja"]
[Result "1-0"]
[ECO "C06"]
[WhiteElo "1786"]
[BlackElo "2139"]
[Annotator "RC"]
[PlyCount "155"]
[EventDate "2022.08.08"]
[EventType "swiss"]
[EventCountry "ROU"]
[SourceTitle "playchess.com"]
[Source "ChessBase"]
[SourceQuality "1"]
[TimeControl "5400+30"]

1. e4 e6 2. d4 d5 3. Nd2 Be7 4. Ngf3 Nf6 5. e5 Nfd7 6. Bd3 c5 7. c3 Nc6 8. Bc2 f6 9. exf6 Bxf6 10. Nb3 c4 11. Nbd2 e5 12. dxe5 Ndxe5 13. h3 O-O 14. O-O Be6 15. Nxe5 Nxe5 16. Nf3 Nc6 17. Be3 Qd7 18. Nd4 Bxd4 19. Bxd4 Bf5 20. Bxf5 Qxf5 21. Qd2 Rae8 22. Rae1 b6 23. Re3 Rxe3 24. Qxe3 Nxd4 25. Qxd4 Re8 26. b3 Re4 27. Qd2 cxb3 28. axb3 Qe5 29. Rd1 Kf8 30. g3 Ke7 31. Kg2 Ke6 32. Qd3 g6 33. Qb5 Kd6 34. Rd3 Re2 35. Rf3 Qe4 36. Qa6 Rc2 37. Qxa7 Rxc3 38. Qxb6+ Rc6 39. Qd8+ Kc5 40. Qf8+ Kb5 41. Kh2 d4 42. Rf4 Qd5 43. Qa3 Ra6 44. Qb2 Rd6 45. Qd2 Kc6 46. Qd3 Qb5 47. Qe4+ Kc5 48. Rf8 Kb4 49. Rc8 Rd5 50. Qe1+ Ka3 51. Qc1+ Kb4 52. Qe1+ Ka3 53. Qa1+ Kb4 54. Rc4+ Kxb3 55. Rc1 Qd3 56. Rb1+ Qxb1 57. Qxb1+ Kc3 58. Qc1+ Kb4 59. Qb2+ Kc5 60. Qc2+ Kd6 61. Qd3 Kc5 62. Kg2 Rf5 63. f4 Rf6 64. Qc2+ Kd5 65. Qb3+ Kc5 66. Kf3 Rb6 67. Qa3+ Kc4 68. Qa4+ Rb4 69. Qc2+ Kd5 70. Qe4+ Kc4 71. Qc6+ Kd3 72. Qa6+ Rc4 73. g4 Kc3 74. Qa3+ Kd2 75. Qb2+ Kd3 76. f5 gxf5 77. gxf5 Rc3 78. Qe2# 1-0

[Event "15th Arad Open 2022"]
[Site "Arad"]
[Date "2022.08.09"]
[Round "2.11"]
[White "Ghita, Vlad-Bogdan"]
[Black "Ionescu, Irina"]
[Result "0-1"]
[ECO "B01"]
[WhiteElo "1944"]
[BlackElo "2125"]
[Annotator "RC"]
[PlyCount "60"]
[EventDate "2022.08.08"]
[EventType "swiss"]
[EventCountry "ROU"]
[SourceTitle "playchess.com"]
[Source "ChessBase"]
[SourceQuality "1"]
[TimeControl "5400+30"]

1. e4 d5 2. exd5 Qxd5 3. Nf3 Bg4 4. Be2 Nc6 5. d4 e6 6. O-O O-O-O 7. c4 Qd7 8. Be3 Bxf3 9. Bxf3 Nxd4 10. Nc3 Nf6 11. Bxd4 Qxd4 12. Qb3 Qb6 13. Qc2 c6 14. a3 g5 15. g3 g4 16. Bg2 Bh6 17. b4 Rd2 18. Qc1 Qd4 19. b5 c5 20. b6 a6 21. Na4 Rxf2 22. Qxh6 Rxf1+ 23. Kxf1 Qxa1+ 24. Kf2 Rd8 25. Qf4 Qd4+ 26. Qxd4 Rxd4 27. Nxc5 Rxc4 28. Nxb7 Rc2+ 29. Kf1 Rxg2 30. Nd6+ Kd7 0-1

[Event "15th Arad Open 2022"]
[Site "Arad"]
[Date "2022.08.09"]
[Round "2.12"]
[White "Tampea, Radu"]
[Black "Tamas, Christian-Arrydan"]
[Result "1/2-1/2"]
[ECO "A45"]
[WhiteElo "2093"]
[BlackElo "1913"]
[Annotator "RC"]
[PlyCount "100"]
[EventDate "2022.08.08"]
[EventType "swiss"]
[EventCountry "ROU"]
[SourceTitle "playchess.com"]
[Source "ChessBase"]
[SourceQuality "1"]
[TimeControl "5400+30"]

1. d4 Nf6 2. Bf4 g6 3. Nc3 d5 4. e3 Bg7 5. h4 h5 6. Nf3 O-O 7. Qd2 Ne4 8. Nxe4 dxe4 9. Ng5 Bf5 10. Be2 c5 11. c3 cxd4 12. exd4 Nd7 13. Qe3 Qb6 14. O-O e5 15. dxe5 Qxe3 16. Bxe3 Nxe5 17. f3 exf3 18. Nxf3 Rfe8 19. Bd4 Nxf3+ 20. Bxf3 Bxd4+ 21. cxd4 Be4 22. Kf2 Rad8 23. Rad1 Bxf3 24. gxf3 Re6 25. Rd2 Rf6 26. Re1 Kf8 27. Rd3 Rfd6 28. Red1 Ra6 29. a3 Rc6 30. Rc3 Rxc3 31. bxc3 Rc8 32. Rc1 Rc4 33. Ke2 b5 34. Kd3 Ra4 35. Ra1 Ke7 36. Kc2 Kd7 37. Kb3 Ra6 38. Kb4 Rc6 39. a4 Rc4+ 40. Kxb5 Rxc3 41. Ka6 Rd3 42. Kxa7 Rxd4 43. a5 Rxh4 44. Kb6 Rb4+ 45. Kc5 Rb8 46. a6 Kc7 47. Re1 Rh8 48. Re7+ Kb8 49. Kb6 h4 50. Rb7+ Ka8 1/2-1/2

[Event "15th Arad Open 2022"]
[Site "Arad"]
[Date "2022.08.09"]
[Round "2.13"]
[White "Magold, Victor"]
[Black "Panc, Samuel"]
[Result "1-0"]
[ECO "A84"]
[WhiteElo "2074"]
[BlackElo "1927"]
[Annotator "RC"]
[PlyCount "37"]
[EventDate "2022.08.08"]
[EventType "swiss"]
[EventCountry "ROU"]
[SourceTitle "playchess.com"]
[Source "ChessBase"]
[SourceQuality "1"]
[TimeControl "5400+30"]

1. d4 f5 2. c4 Nf6 3. Nf3 e6 4. Bf4 d6 5. Nc3 g6 6. g3 Bg7 7. Bg2 O-O 8. O-O Nbd7 9. Qc2 h6 10. Rad1 Qe7 11. e4 e5 12. dxe5 Nxe5 13. c5 fxe4 14. cxd6 cxd6 15. Bxe5 dxe5 16. Nh4 Kh7 17. Nxe4 Bg4 18. Nd6 e4 19. Rd2 1-0

[Event "15th Arad Open 2022"]
[Site "Arad"]
[Date "2022.08.09"]
[Round "2.14"]
[White "Matasaru, Stephanie"]
[Black "Coicev, Matei-Andrei"]
[Result "0-1"]
[ECO "B01"]
[WhiteElo "1885"]
[BlackElo "2087"]
[Annotator "RC"]
[PlyCount "128"]
[EventDate "2022.08.08"]
[EventType "swiss"]
[EventCountry "ROU"]
[SourceTitle "playchess.com"]
[Source "ChessBase"]
[SourceQuality "1"]
[TimeControl "5400+30"]

1. e4 d5 2. exd5 Nf6 3. Nf3 Bg4 4. Be2 Qxd5 5. d4 e6 6. h3 Bxf3 7. Bxf3 Qa5+ 8. c3 c6 9. O-O Be7 10. Nd2 O-O 11. Nc4 Qc7 12. Ne5 Nbd7 13. Bf4 Bd6 14. Re1 Rfd8 15. Qe2 Nd5 16. Bd2 Nxe5 17. dxe5 Be7 18. a3 Rd7 19. Rad1 Rad8 20. Be4 Nb6 21. Bc2 g6 22. Bh6 Rxd1 23. Bxd1 Qd7 24. Bb3 c5 25. Rd1 Qc6 26. Rxd8+ Bxd8 27. c4 Nc8 28. Qd1 Qc7 29. Bf4 Ne7 30. Ba4 Nf5 31. Qd7 Qxd7 32. Bxd7 Bc7 33. b4 b6 34. bxc5 bxc5 35. g4 Nd4 36. Bg3 Bxe5 37. Bxe5 Nf3+ 38. Kg2 Nxe5 39. Bb5 g5 40. Kg3 Ng6 41. a4 Kg7 42. Kf3 Kf6 43. Ke4 h6 44. a5 Nf4 45. h4 Ke7 46. hxg5 hxg5 47. f3 Kd6 48. a6 f6 49. Be8 Ne2 50. Ke3 Nf4 51. Ke4 Kc7 52. Bb5 Kb6 53. Ke3 Ka5 54. Kd2 Kb4 55. Kc2 Ng6 56. Bd7 Ne5 57. Bxe6 Nxc4 58. Kd3 Nd6 59. Ke3 Kc3 60. f4 c4 61. fxg5 fxg5 62. Bd7 Kb2 63. Ba4 c3 64. Kd3 Nb5 0-1

[Event "15th Arad Open 2022"]
[Site "Arad"]
[Date "2022.08.09"]
[Round "2.15"]
[White "Herczeg, Marcell"]
[Black "Batagan, Ilinca-Petra"]
[Result "1-0"]
[ECO "C13"]
[WhiteElo "2044"]
[BlackElo "1932"]
[Annotator "RC"]
[PlyCount "77"]
[EventDate "2022.08.08"]
[EventType "swiss"]
[EventCountry "ROU"]
[SourceTitle "playchess.com"]
[Source "ChessBase"]
[SourceQuality "1"]
[TimeControl "5400+30"]

1. d4 Nf6 2. Nc3 d5 3. Bg5 e6 4. e4 dxe4 5. Nxe4 Be7 6. Bxf6 Bxf6 7. Nf3 O-O 8. c3 Nd7 9. Bd3 b6 10. Qc2 Bb7 11. O-O-O Qe7 12. h4 Rac8 13. Kb1 g6 14. h5 c5 15. hxg6 fxg6 16. Qd2 Bxe4 17. Bxe4 cxd4 18. Nxd4 Bxd4 19. Qxd4 Nc5 20. Bxg6 Rcd8 21. Bxh7+ Qxh7+ 22. Rxh7 Rxd4 23. cxd4 Kxh7 24. dxc5 bxc5 25. Re1 Rxf2 26. Rxe6 Rxg2 27. Rc6 Rg7 28. Rxc5 Kg6 29. b4 Kf6 30. Kb2 Ke6 31. Kb3 Kd6 32. Ka4 Rb7 33. Ka5 Kd7 34. Rb5 Kc7 35. Rxb7+ Kxb7 36. Kb5 Kb8 37. Ka6 Ka8 38. a3 Kb8 39. a4 1-0

[Event "15th Arad Open 2022"]
[Site "Arad"]
[Date "2022.08.09"]
[Round "2.16"]
[White "Tablan, Matei-Christian"]
[Black "Pauwels, Xander"]
[Result "1/2-1/2"]
[ECO "B21"]
[WhiteElo "1928"]
[BlackElo "2040"]
[Annotator "RC"]
[PlyCount "68"]
[EventDate "2022.08.08"]
[EventType "swiss"]
[EventCountry "ROU"]
[SourceTitle "playchess.com"]
[Source "ChessBase"]
[SourceQuality "1"]
[TimeControl "5400+30"]

1. e4 c5 2. Be2 Nc6 3. f4 d6 4. Nf3 g6 5. O-O Bg7 6. c3 e6 7. Na3 Nge7 8. Kh1 a6 9. Nc2 d5 10. d3 b5 11. Qe1 Rb8 12. Be3 d4 13. cxd4 Nxd4 14. Nfxd4 cxd4 15. Bg1 Nc6 16. Nb4 Ne7 17. Bf3 O-O 18. e5 f6 19. exf6 Bxf6 20. Nxa6 Rb6 21. Nb4 Qd6 22. g3 e5 23. fxe5 Bxe5 24. Bg2 Rxf1 25. Bxf1 Nf5 26. Bg2 Ne7 27. Bf1 Nf5 28. Bg2 Be6 29. Rc1 Bxg3 30. hxg3 Nxg3+ 31. Kh2 Ne2+ 32. Kh1 Ng3+ 33. Kh2 Ne2+ 34. Kh1 Ng3+ 1/2-1/2

[Event "15th Arad Open 2022"]
[Site "Arad"]
[Date "2022.08.09"]
[Round "2.17"]
[White "Moerman, Thomas"]
[Black "Tudor, Henry Edward"]
[Result "1/2-1/2"]
[ECO "E05"]
[WhiteElo "2026"]
[BlackElo "1984"]
[Annotator "RC"]
[PlyCount "46"]
[EventDate "2022.08.08"]
[EventType "swiss"]
[EventCountry "ROU"]
[SourceTitle "playchess.com"]
[Source "ChessBase"]
[SourceQuality "1"]
[TimeControl "5400+30"]

1. d4 Nf6 2. c4 e6 3. g3 d5 4. Nf3 Be7 5. Bg2 O-O 6. O-O dxc4 7. Ne5 Nc6 8. Bxc6 bxc6 9. Nxc6 Qd6 10. Nxe7+ Qxe7 11. Qa4 Qd6 12. Rd1 Qa6 13. Nc3 Qxa4 14. Nxa4 Rb8 15. Nc5 Nd7 16. b4 Nxc5 17. bxc5 Ba6 18. Rd2 Rb7 19. f3 Rfb8 20. Kf2 f6 21. e4 Rb4 22. Ba3 Ra4 23. Bb2 Rb5 1/2-1/2

[Event "15th Arad Open 2022"]
[Site "Arad"]
[Date "2022.08.09"]
[Round "2.18"]
[White "Paraschiv, Petronela-Alexandra"]
[Black "Sedlak, Nikola"]
[Result "0-1"]
[ECO "A49"]
[WhiteElo "1867"]
[BlackElo "2480"]
[Annotator "RC"]
[PlyCount "68"]
[EventDate "2022.08.08"]
[EventType "swiss"]
[EventCountry "ROU"]
[SourceTitle "playchess.com"]
[Source "ChessBase"]
[SourceQuality "1"]
[TimeControl "5400+30"]

1. c4 Nf6 2. Nf3 g6 3. b3 Bg7 4. Bb2 O-O 5. g3 d6 6. d4 e5 7. dxe5 Nfd7 8. Bg2 Nc6 9. O-O dxe5 10. e3 Re8 11. Nc3 e4 12. Nd4 Nxd4 13. exd4 f5 14. Ne2 Nc5 15. Rb1 Nd3 16. Bc3 c6 17. Qc2 f4 18. f3 exf3 19. Bxf3 Bf5 20. Qd1 Qe7 21. Bd2 g5 22. gxf4 Nxf4 23. Bxf4 Bxb1 24. Qxb1 gxf4 25. Kh1 Kh8 26. d5 cxd5 27. cxd5 Be5 28. Qe4 Qf6 29. Qb4 Re7 30. Rc1 Rae8 31. Rc4 Bd6 32. Qd2 Re3 33. Ng1 Re1 34. Bh5 Qa1 0-1

[Event "15th Arad Open 2022"]
[Site "Arad"]
[Date "2022.08.09"]
[Round "2.19"]
[White "Tablan, Andrei-Damian"]
[Black "Paraschiv, Paul-Alexandru"]
[Result "1/2-1/2"]
[ECO "C18"]
[WhiteElo "1784"]
[BlackElo "2181"]
[Annotator "RC"]
[PlyCount "95"]
[EventDate "2022.08.08"]
[EventType "swiss"]
[EventCountry "ROU"]
[SourceTitle "playchess.com"]
[Source "ChessBase"]
[SourceQuality "1"]
[TimeControl "5400+30"]

1. e4 e6 2. d4 d5 3. Nc3 Bb4 4. e5 c5 5. a3 Bxc3+ 6. bxc3 Qa5 7. Bd2 Qa4 8. Qb1 c4 9. f4 Ne7 10. Nf3 Nbc6 11. Be2 h6 12. O-O b6 13. Nh4 Bd7 14. g3 O-O-O 15. Ng2 Qa5 16. Qe1 Nf5 17. Bg4 Nfe7 18. Ne3 h5 19. Bh3 g6 20. Bg2 Nf5 21. Nxf5 gxf5 22. h4 Rdg8 23. Kh2 Rg7 24. Bf3 Ne7 25. Qb1 Qb5 26. Qb4 Qxb4 27. cxb4 Ba4 28. c3 Bc2 29. Rg1 Kb7 30. Be3 a6 31. Bd2 Kc6 32. a4 Be4 33. Be2 Rhg8 34. Be3 Ng6 35. Kh3 Rh7 36. Ra2 f6 37. Raa1 Nh8 38. Kh2 Nf7 39. Kh3 Nh6 40. Rac1 Kd7 41. Ra1 Ke7 42. a5 b5 43. Kh2 Rg4 44. Rae1 Rhg7 45. Kh3 Nf7 46. Bxg4 fxg4+ 47. Kh2 Bf5 48. Bd2 1/2-1/2

[Event "15th Arad Open 2022"]
[Site "Arad"]
[Date "2022.08.09"]
[Round "2.20"]
[White "Mihalca, Imre-Gheorghe"]
[Black "Oltean, Cristian-Daniel"]
[Result "0-1"]
[ECO "A40"]
[WhiteElo "1558"]
[BlackElo "2158"]
[Annotator "RC"]
[PlyCount "95"]
[EventDate "2022.08.08"]
[EventType "swiss"]
[EventCountry "ROU"]
[SourceTitle "playchess.com"]
[Source "ChessBase"]
[SourceQuality "1"]
[TimeControl "5400+30"]

1. Nf3 g6 2. d4 Bg7 3. e3 f5 4. Nbd2 Nf6 5. Be2 O-O 6. c4 d6 7. O-O c6 8. Qc2 Qc7 9. b3 e5 10. dxe5 dxe5 11. Bb2 e4 12. Ne1 c5 13. g3 Nc6 14. a3 Be6 15. Ng2 Rad8 16. Nf4 Bf7 17. Rad1 Ne5 18. Bxe5 Qxe5 19. Nb1 g5 20. Nd5 Nxd5 21. cxd5 b6 22. Rd2 Rxd5 23. Bc4 Rxd2 24. Bxf7+ Rxf7 25. Qxd2 Bf6 26. Rd1 Rf8 27. Qd5+ Qxd5 28. Rxd5 Rd8 29. Rxd8+ Bxd8 30. Kf1 Kf7 31. Ke2 Bf6 32. f3 exf3+ 33. Kxf3 b5 34. e4 c4 35. a4 cxb3 36. axb5 Ke6 37. exf5+ Kxf5 38. g4+ Ke5 39. b6 axb6 40. Ke3 Kd5 41. Kd3 Kc5 42. Nd2 Kb4 43. Nb1 b2 44. Kc2 Kc4 45. Na3+ Kd4 46. Kd2 Ke4 47. Ke2 Kf4 48. Nb1 0-1

[Event "15th Arad Open 2022"]
[Site "Arad"]
[Date "2022.08.09"]
[Round "3.1"]
[White "Ionescu, Irina"]
[Black "Manolache, Marius"]
[Result "0-1"]
[ECO "B08"]
[WhiteElo "2125"]
[BlackElo "2469"]
[Annotator "TA"]
[PlyCount "124"]
[EventDate "2022.08.08"]
[EventType "swiss"]
[EventCountry "ROU"]
[SourceTitle "playchess.com"]
[Source "ChessBase"]
[SourceQuality "1"]
[TimeControl "5400+30"]

1. e4 d6 2. d4 Nf6 3. Nc3 g6 4. Nf3 Bg7 5. Be2 O-O 6. O-O a6 7. a4 b6 8. Re1 Bb7 9. e5 {[%emt 0:04:20] B08: Pirc Defence: Classical System.} dxe5 10. dxe5 {[%emt 0:03:19] [#]} Ne4 $146 ({Predecessor:} 10... Nd5 11. Nxd5 Bxd5 12. Bg5 Nc6 13. Ra3 Be6 14. Bd3 h6 15. Bf4 Nb4 16. Qd2 c5 17. Bxh6 Nxd3 18. Rxd3 {1-0 (25) Houska,J (2364)-Pym,T (2114) Swansea 2006}) 11. Nxe4 {[%emt 0:04:18] White is slightly better.} Bxe4 12. Bg5 (12. e6 $14 {is more appropriate.} f5 13. Qxd8 Rxd8 14. c3) 12... Nc6 13. c3 h6 14. Bf4 g5 15. Bg3 Ra7 (15... Qxd1 $14 16. Raxd1 e6) 16. h4 (16. Qc1 $142) 16... g4 (16... gxh4 $142 17. Nxh4 e6) 17. Nd4 $16 Nxd4 18. Qxd4 (18. cxd4 $16 e6 19. Bxg4) 18... Qxd4 $14 19. cxd4 Bf5 20. Rac1 Rd8 21. Red1 e6 ({Black should try} 21... h5 $14) 22. h5 $16 Bf8 23. Bf4 (23. f3 $142) 23... Rd7 (23... c5 $142) 24. Rc3 (24. f3 $16) 24... Ra8 25. Bxg4 Bxg4 $14 26. Rg3 c5 27. Rxg4+ Kh7 28. Be3 Rad8 29. Kf1 Bg7 30. Re4 Rd5 31. f4 c4 32. Rc1 b5 33. axb5 axb5 34. g4 Ra8 (34... f5 $16) 35. Bf2 $18 Ra2 36. Re2 Bf8 37. b3 cxb3 38. Rb1 {[%emt 0:00:05] Against b2} b4 39. Rxb3 Ra3 40. Reb2 Rd8 41. Ke2 Be7 (41... Rc8 $16 42. Be3 Ra1) 42. f5 Rc8 (42... Bf8 {might work better.} 43. Be3 Rc8) 43. fxe6 fxe6 {[%emt 0:00:00] [#]} (43... Rxb3 $142 44. Rxb3 fxe6) 44. Rxa3 $1 bxa3 {[%emt 0:00:00][%mdl 4096] Endgame KRB-KRB} 45. Rb7 Re8 46. Bh4 $2 (46. Ra7 $18) 46... a2 $15 47. Ra7 a1=Q 48. Rxa1 {[%emt 0:00:14] [#] Ra7 is the strong threat.} Bxh4 {[%emt 0:00:00] KRB-KR} 49. Ra6 Re7 50. Ke3 Kg7 51. Ke4 Kf7 52. d5 exd5+ 53. Kxd5 Bg5 54. Ke4 Rb7 55. Kf5 Rb4 56. Ra7+ {[%emt 0:01:36] The position is equal.} Ke8 57. Ra8+ Kd7 58. Ra7+ Kc6 59. e6 Rf4+ 60. Ke5 {[%emt 0:00:07] Hoping for e7.} Rf1 61. Ra6+ Kb7 62. Ra4 Re1+ {[%emt 0:01:20][%mdl 32768] Blacks defense is rewarded with a draw.  Weighted Error Value: White=0.23 (precise) /Black=0.20 (precise) . Loss on time!?} 0-1